 Dungeon Crawl Stone Soup version 0.28.0 (webtiles) character file.

Game seed: 10602597085301549312

58 AmazingTV the Sneak (level 3, -4/18 HPs)
             Began as a Spriggan Brigand on June 28, 2022.
             Slain by an iguana (10 damage)
             ... on level 3 of the Dungeon.
             The game lasted 00:04:20 (2055 turns).

AmazingTV the Sneak (Spriggan Brigand)              Turns: 2055, Time: 00:04:21

Health: -4/18      AC:  3    Str:  7    XL:     3   Next: 75%
Magic:  4/4        EV: 16    Int: 12    God:
Gold:   17         SH:  0    Dex: 18    Spells: 2/2 levels left

rFire   . . .      SeeInvis +   a - +2 dagger
rCold   . . .      Faith    .   (no shield)
rNeg    . . .      Spirit   .   b - +0 robe
rPois   .          Reflect  .   (helmet restricted)
rElec   .          Harm     .   c - +0 cloak
rCorr   .          Rampage  .   (gloves unavailable)
Will    .....                   (boots unavailable)
Stlth   +++.......              (no amulet)
HPRegen 0.06/turn               (no ring)
MPRegen 0.09/turn               (no ring)

@: very quick
A: very small, no large weapons, unfitting armour, see invisible, speed 3
a: no special abilities


You were on level 3 of the Dungeon.
You visited 1 branch of the dungeon, and saw 3 of its levels.

You collected 69 gold pieces.
You spent 52 gold pieces at shops.

Inventory:

Hand Weapons
 a - a +2 dagger (weapon)
 j - a +3 whip of electrocution
Missiles
 d - 2 poisoned darts (quivered)
 e - 2 curare-tipped darts
 g - 5 arrows
 i - 17 bolts
 k - 67 stones
 s - 27 sling bullets
Armour
 b - a +0 robe (worn)
 c - a +0 cloak (worn)
Scrolls
 h - a scroll of teleportation {unknown}
 l - a scroll of immolation {unknown}
 m - 2 scrolls of identify {unknown}
 q - a scroll of amnesia {unknown}
 t - a scroll of holy word {unknown}
Potions
 f - a potion of experience {unknown}
 n - 2 potions of heal wounds {unknown}
 o - a potion of might
 p - a potion of flight {unknown}
 r - a potion of brilliance {unknown}


   Skills:
 + Level 2.0 Fighting
 * Level 3.2 Short Blades
 + Level 1.5(2.4) Slings
 + Level 2.3(2.5) Throwing
 - Level 1.3 Dodging
 + Level 6.3 Stealth


You had 2 spell levels left.
You didn't know any spells.
Your spell library contained the following spells:

 Spells                   Type           Power      Damage    Failure   Level
 Apportation              Tloc           0%         N/A       32%         1
 Magic Dart               Conj           0%         1d3       32%         1
 Sting                    Tmut/Pois      0%         1d3       32%         1
 Call Imp                 Summ           0%         N/A       45%         2
 Poisonous Vapours        Pois/Air       0%         N/A       45%         2
 Mephitic Cloud           Conj/Pois/Air  0%         N/A       69%         3
 Olgreb's Toxic Radiance  Pois           0%         N/A       97%         4
 Alistair's Intoxication  Tmut/Pois      0%         N/A       100%        5


Dungeon Overview and Level Annotations

Branches:
Dungeon (3/15)

Altars:

Shops:
D:2 !


Innate Abilities, Weirdness & Mutations

You are very small and have problems with some larger weapons.
You are too small for most types of armour.
You have supernaturally acute eyesight. (SInv)
You cover ground extremely quickly. (Speed+++)


Message History

Aim: an iguana (66% to hit)
You throw a poisoned dart. The poisoned dart hits the iguana.
The iguana is poisoned.
Throw: 4 darts (poison)
Press: ? - help, Q - select action, (/) - cycle Shift-Dir - straight line, f/p - iguana
Aim: an iguana (poisoned, 66% to hit)
You throw a poisoned dart. The poisoned dart hits the iguana.
The iguana looks even sicker.
You hit the iguana.
The iguana is lightly wounded.
The iguana barely misses you.
You hit the iguana but do no damage.
The iguana is lightly wounded.
The iguana misses you.
You closely miss the iguana.
The iguana is lightly wounded.
The iguana bites you.
You hit the iguana but do no damage.
The iguana is lightly wounded.
Throw: 3 darts (poison)
Press: ? - help, Q - select action, (/) - cycle Shift-Dir - straight line, f - gnoll, p - iguana
Aim: a gnoll, wielding a +0 whip (severely wounded, 66% to hit)
You throw a poisoned dart. The poisoned dart hits the iguana.
The iguana looks even sicker.
The iguana is lightly wounded.
The iguana closely misses you.
You hit the iguana.
The iguana is lightly wounded.
The iguana misses you.
You hit the iguana but do no damage.
The iguana is moderately wounded.
The iguana misses you.
You hit the iguana but do no damage.
The iguana is moderately wounded.
The iguana closely misses you.
You closely miss the iguana.
The iguana is heavily wounded.
The iguana bites you!
Ouch! That really hurt!
You die...

#...# #........###
##..# ########...#
#.># ######.#.#
######.### #......#.#
#......g.# #.....##.#
#.......l# #.....##.#
#........# #.....##.#
######
#.......(###.....##.#
#.....
#........gl@.######.#
#.#### ###.....######
#.# #.# #.....# #.#
#.# #.....# #.# #.#
#.....# #.# #.#
#.....# #.# #.#
####### #.# #.# #.#
#.# #.# #.#


You could see an iguana (very poisoned) and a gnoll.

Vanquished Creatures
  A gnoll (D:1)
  An adder (D:2)
  A worm (D:2)
  A dart slug (D:2)
  An orc (D:3)
  2 endoplasms
  A giant cockroach (D:3)
  2 goblins (D:3)
  5 hobgoblins
  4 jackals
  3 kobolds
  2 quokkas (D:1)
  3 bats (D:1)
  A frilled lizard (D:1)
  2 rats (D:2)
30 creatures vanquished.

Notes
Turn   | Place    | Note
-------+----------+-------------------------------------------
     0 | D:1      | AmazingTV the Spriggan Brigand began the quest for the Orb.
     0 | D:1      | Reached XP level 1. HP: 10/10 MP: 2/2
   384 | D:1      | Reached XP level 2. HP: 11/15 MP: 3/3
   396 | D:1      | Reached skill level 6 in Stealth
   804 | D:1      | Reached skill level 1 in Slings
   959 | D:2      | Reached XP level 3. HP: 18/18 MP: 4/4
  1247 | D:2      | Found Cerul's Distillery.
  1367 | D:2      | Bought a potion of might for 52 gold pieces
  2055 | D:3      | Slain by an iguana

Illustrated notes

Levels and vault maps discovered:
D:1:      dpeg_arrival_brainrot, layout_rooms
D:2:      layout_loops_ring, serial_shops, nicolae_square_shop
D:3:      layout_basic, hellmonk_ghost_happy_afterlife, serial_park_tiny_1

Skill      XL: |  1  2  3 |
---------------+----------+-----
Stealth        | 6 |  6.3
Slings         | 1 |  1.5
Short Blades   | 3 |  3.2
Fighting       | 2 |  2.0
Throwing       | |  2.3
Dodging        | |  1.3

Action                   || total
-------------------------++-------
Melee: Dagger            ||   101
       Punch             ||     2
Throw: Dart              ||     6
 Stab: Sleeping          ||    12
Armor: Robe              ||    12
Dodge: Dodged            ||    58
